 Dungeon Crawl Stone Soup version 0.25.1-8-g42b30a86e7 (webtiles) character file.

Game seed: 1902305053708993184

10190 Cykl0x the Carver (level 11, -8/84 HPs)
             Began as a Formicid Fighter on Dec 3, 2020.
             Was a High Priest of the Shining One.
             Mangled by a guardian serpent (15 damage)
             ... on level 10 of the Dungeon.
             The game lasted 00:18:56 (10009 turns).

Cykl0x the Carver (Formicid Fighter)               Turns: 10009, Time: 00:18:59

Health: -8/84      AC: 14    Str: 22    XL:     11   Next: 88%
Magic:  18/18      EV:  8    Int:  9    God:    the Shining One [*****.]
Gold:   507        SH: 11    Dex: 11    Spells: 10/10 levels left

rFire    + . .     SeeInvis +   z - +4 great sword
rCold    . . .     Gourm    .   c - +0 kite shield
rNeg     + + .     Faith    .   y - +0 plate armour
rPois    .         Spirit   .   (helmet unavailable)
rElec    .         Reflect  .   j - +0 cloak
rCorr    +         Harm     .   (no gloves)
MR       +....                  (no boots)
Stlth    ..........             (no amulet)
HPRegen  0.24/turn              w - ring of resist corrosion
MPRegen  0.16/turn              s - ring of protection from fire

@: glowing
A: permanent stasis, dig shafts and tunnels, four strong arms, antennae 3
a: Dig, Shaft Self, Divine Shield, Cleansing Flame, Summon Divine Warrior,
Renounce Religion


You were on level 10 of the Dungeon.
You worshipped the Shining One.
The Shining One was extremely pleased with you.
You were not hungry.

You visited 1 branch of the dungeon, and saw 10 of its levels.
You also visited: Ossuary.

You collected 507 gold pieces.

Inventory:

Hand Weapons
 a - a +1 long sword of protection
 e - a +0 short sword of venom
 z - a +4 great sword (weapon)
Missiles
 h - 193 stones
 l - 6 boomerangs (quivered)
Armour
 b - a +0 scale mail
 c - a +0 kite shield (worn)
 j - a +0 cloak (worn)
 p - a +0 chain mail
 y - a +0 plate armour (worn)
Jewellery
 g - a +6 ring of dexterity
 s - a ring of protection from fire (right hand)
 w - a ring of resist corrosion (left hand)
 A - a +4 ring of evasion
 B - an uncursed amulet of magic regeneration
Wands
 d - a wand of paralysis (13)
 i - a wand of flame (13)
 x - a wand of acid (9)
 D - a wand of polymorph (12)
Scrolls
 o - 2 scrolls of magic mapping
 q - 2 scrolls of remove curse
 r - 2 scrolls of fear
 u - 3 scrolls of amnesia
Potions
 k - a potion of mutation
 m - 5 potions of lignification
 n - 5 potions of flight
 t - a potion of brilliance
 v - 3 potions of curing
 E - a potion of heal wounds
Comestibles
 f - 23 rations
 C - 19 chunks of flesh


   Skills:
 + Level 7.4 Fighting
 + Level 10.5 Long Blades
 + Level 4.5 Throwing
 + Level 7.7 Armour
 + Level 4.6 Dodging
 - Level 0.2 Stealth
 + Level 8.7 Shields
 * Level 9.5 Invocations


You had 10 spell levels left.
You didn't know any spells.
Your spell library contained the following spells:

 Spells                   Type           Power        Failure   Level  Hunger
 Freeze                   Ice            #...         100%        1    ##.....
 Shock                    Conj/Air       #...         100%        1    ##.....
 Summon Small Mammal      Summ           #...         100%        1    ##.....
 Call Imp                 Summ           #.......     100%        2    ###....
 Call Canine Familiar     Summ           #.......     100%        3    ####...
 Frozen Ramparts          Ice            #.....       100%        3    ####...
 Ozocubu's Armour         Chrm/Ice       #.......     100%        3    ####...
 Static Discharge         Conj/Air       #.......     100%        3    ####...
 Summon Guardian Golem    Hex/Summ       #.......     100%        3    ####...
 Airstrike                Air            #.........   100%        4    #####..
 Hailstorm                Conj/Ice       #.......     100%        4    #####..
 Summon Ice Beast         Ice/Summ       #.......     100%        4    #####..
 Summon Lightning Spire   Summ/Air       #.......     100%        4    #####..
 Lightning Bolt           Conj/Air       #.........   100%        5    ######.
 Swiftness                Chrm/Air       Unusable     N/A         2    N/A

Dungeon Overview and Level Annotations

Branches:
Dungeon (10/15)            Temple (0/1) D:4         Ossuary (visited)
   Lair: D:8-11         Orc: D:9-12

Altars:
Cheibriados
Dithmenos
Elyvilon
Fedhas
Gozag
Hepliaklqana
Makhleb
Nemelex Xobeh
Ru
Uskayaw
Vehumet
Xom
Yredelemnul
The Shining One

Shops:
D:8 [!*%


Innate Abilities, Weirdness & Mutations

You cannot be hasted, slowed, berserked, paralysed or teleported.
You can dig through walls and to a lower floor.
Your four strong arms can wield two-handed weapons with a shield.
You have a pair of large antennae on your head. (SInv)


Message History

The worker ant bites you but does no damage.
You block the guardian serpent's attack.
The worker ant barely misses you.
You riposte.
You completely miss the worker ant. You hit the guardian serpent.
The guardian serpent is moderately wounded.
You block the guardian serpent's attack.
The guardian serpent barely misses you. You block the worker ant's attack.
Your plate armour prevents you from hitting the guardian serpent.
The guardian serpent is moderately wounded.
The guardian serpent hits you!! You block the worker ant's attack.
The guardian serpent hits you!
* * * LOW HITPOINT WARNING * * *
You barely miss the guardian serpent.
The guardian serpent is moderately wounded.
The guardian serpent hits you!
* * * LOW HITPOINT WARNING * * *
The worker ant bites you but does no damage.
The guardian serpent hits you!
You die...

{ ### ##.... #.
...... #.# ####.#
#.# #=?#.# ## #.#
#!?+.### #...# #.#
#!$#S..#
##.#.####.######@#
................a#
##.#.####..##.##.#
##.....##.###.##.#
.#.....##.# #.....
†#.....##.#
##.#.##
.#.....##.# .#..
...#.####.# .###
...#.####.# .#


You could see a guardian serpent and a worker ant.

Vanquished Creatures
  A troll (D:9)
  2 hippogriffs
  4 yaks (D:9)
  A wyvern (D:10)
  A human (D:9)
  Edmund (D:5)
  A hornet zombie (D:5)
  2 sky beasts
  2 black bears
  5 orc warriors
  A phantom (D:9)
  An ogre (D:9)
  5 centaurs
  An elf skeleton (D:4)
  8 bullfrogs
  10 scorpions
  4 wights (D:6)
  3 howler monkeys
  An electric eel (D:10)
  4 crimson imps
  A centaur zombie (Ossuary)
  A quasit (D:8)
  A bullfrog zombie (D:6)
  6 hounds
  6 jellies
  Crazy Yiuf (D:3)
  2 centaur skeletons
  A human zombie (Ossuary)
  5 orc priests
  A bullfrog skeleton (D:6)
  5 orc wizards
  An iguana (D:5)
  3 human skeletons (D:4)
  7 worker ants
  2 killer bee zombies
  5 big kobold zombies (Ossuary)
  3 mummies (Ossuary)
  A hound zombie (D:7)
  2 hound skeletons
  2 worker ant zombies (D:5)
  6 gnolls
  7 adders
  A river rat (D:4)
  3 scorpion zombies (Ossuary)
  3 shadow imps
  An adder zombie (D:5)
  2 adder skeletons
  5 worms
  A dart slug (D:2)
  7 leopard geckos
  22 orcs
  9 bats
  10 giant cockroaches
  12 goblins
  6 hobgoblins
  12 jackals
  5 quokkas
  4 ball pythons
  2 frilled lizards
  A gnoll zombie (Ossuary)
  2 hobgoblin zombies (Ossuary)
  A jackal skeleton (D:7)
  A jackal zombie (D:6)
  11 kobolds
  4 kobold zombies (Ossuary)
  3 leopard gecko skeletons
  2 orc skeletons (D:4)
  4 orc zombies (Ossuary)
  3 quokka skeletons
  10 rats
  A spectral orc (D:2)
  A fungus (D:3)
276 creatures vanquished.

Vanquished Creatures (others)
  An adder (D:10)
  A kobold zombie (Ossuary)
  An orc zombie (Ossuary)
3 creatures vanquished.

Grand Total: 279 creatures vanquished

Notes
Turn   | Place    | Note
-------+----------+-------------------------------------------
     0 | D:1      | Cykl0x the Formicid Fighter began the quest for the Orb.
     0 | D:1      | Reached XP level 1. HP: 18/18 MP: 1/1
   165 | D:1      | Reached XP level 2. HP: 20/24 MP: 2/2
   588 | D:1      | Reached XP level 3. HP: 29/29 MP: 3/3
  1189 | D:2      | Found a basalt altar of Yredelemnul.
  1324 | D:2      | Reached XP level 4. HP: 33/36 MP: 4/4
  1499 | D:2      | Found a hide-covered altar of Uskayaw.
  2257 | D:3      | Reached skill level 3 in Long Blades
  2257 | D:3      | Reached XP level 5. HP: 39/42 MP: 5/5
  2370 | D:3      | Found a snail-covered altar of Cheibriados.
  2429 | D:3      | Found a sparkling altar of Nemelex Xobeh.
  2529 | D:3      | Reached skill level 1 in Dodging
  2822 | D:3      | Reached XP level 6. HP: 48/48 MP: 6/6
  2893 | D:3      | Found a glowing golden altar of the Shining One.
  2897 | D:3      | Became a worshipper of the Shining One
  3176 | D:3      | Found a runed translucent door.
  3177 | D:3      | Noticed Crazy Yiuf
  3191 | D:3      | Killed Crazy Yiuf
  3191 | D:3      | Reached skill level 5 in Shields
  3403 | D:4      | Reached skill level 1 in Throwing
  3454 | D:4      | Reached skill level 1 in Invocations
  3456 | D:4      | Reached skill level 4 in Long Blades
  3490 | D:4      | Found a staircase to the Ecumenical Temple.
  3568 | D:4      | Found a sand-covered staircase.
  3575 | Ossuary  | Entered an ossuary
  3749 | Ossuary  | Reached * piety under the Shining One
  3762 | Ossuary  | Reached XP level 7. HP: 52/54 MP: 8/8
  3916 | Ossuary  | Reached skill level 5 in Long Blades
  4117 | Ossuary  | Reached ** piety under the Shining One
  4130 | Ossuary  | Reached XP level 8. HP: 45/61 MP: 8/10
  4726 | D:4      | Reached skill level 6 in Long Blades
  5096 | D:4      | Reached *** piety under the Shining One
  5163 | D:4      | Found a shadowy altar of Dithmenos.
  5350 | D:5      | Entered Level 5 of the Dungeon
  5553 | D:5      | Reached skill level 5 in Armour
  5568 | D:5      | Found a blossoming altar of Fedhas.
  5569 | D:5      | Found a burning altar of Makhleb.
  5675 | D:5      | Reached XP level 9. HP: 67/67 MP: 12/12
  5879 | D:5      | Noticed Edmund
  5896 | D:5      | Killed Edmund
  5896 | D:5      | Reached skill level 5 in Fighting
  5896 | D:5      | Reached skill level 7 in Long Blades
  6028 | D:5      | Reached skill level 5 in Invocations
  6778 | D:6      | Reached **** piety under the Shining One
  7185 | D:6      | Reached skill level 8 in Long Blades
  7185 | D:6      | Reached XP level 10. HP: 75/75 MP: 14/14
  7509 | D:7      | Found a sacrificial altar of Ru.
  7587 | D:7      | Found a white marble altar of Elyvilon.
  7610 | D:7      | Reached ***** piety under the Shining One
  7907 | D:8      | Found Xacsarr's Food Shop.
  7939 | D:8      | Found Hiacvuih's General Store.
  7949 | D:8      | Found an opulent altar of Gozag.
  7969 | D:8      | Found a radiant altar of Vehumet.
  8328 | D:8      | Found Heaxzy's Distillery.
  8360 | D:8      | Reached skill level 9 in Long Blades
  8473 | D:8      | Found Qemira's Antique Armour Shop.
  8564 | D:8      | Reached skill level 10 in Long Blades
  8564 | D:8      | Reached XP level 11. HP: 84/84 MP: 15/17
  8795 | D:9      | Found a hazy altar of Hepliaklqana.
  8796 | D:9      | Found a shimmering altar of Xom.
  9345 | D:10     | Entered Level 10 of the Dungeon
 10009 | D:10     | Mangled by a guardian serpent

Illustrated notes

Levels and vault maps discovered:
D:1:      dpeg_arrival_round_a, layout_basic
D:2:      layout_basic, yredelemnul_forgotten_temple_becter,
          nicolae_overflow_crystal_walls
D:3:      layout_loops_ring, cheibriados_altar_1, marbit_many_paths,
          nemelex_diamond_rough_becter, uniq_crazy_yiuf_cottage
D:4:      layout_basic, grunt_dithmenos_smoke_and_mirrors,
          minmay_temple_entry_ruins, portal_sewer_entry_e,
          nicolae_ossuary_entry_catacombs
D:5:      minmay_recursive_quarters, layout_gridville, bloody_makhleb,
          first_ration, st_stairs_6, fedhas_ov_isle_minmay, uniq_edmund
D:6:      layout_rooms, nicolae_lava_and_water, st_stairs_13
D:7:      layout_rooms, lemuel_round_altar, elyvilon_altar_3
D:8:      layout_basic, minitemple, serial_shops, shop, kennysheep_mini_moat,
          shop, shop
D:9:      layout_cave_pools, regret_index_temple_of_mockery, grunt_pizzeria
D:10:     layout_basic, lair_entry_dummy, basic_altar,
          nrook_guardian_serpent_double

Skill      XL: |  1  2  3  4  5  6  7  8  9 10 11 |
---------------+----------------------------------+-----
Shields        | 4 5 6 7 8 |  8.7
Long Blades    | 3 4 5 6 8 10 | 10.5
Armour         | 4 5 6 7 |  7.7
Dodging        | 1 2 4 |  4.6
Throwing       | 1 2 4 |  4.5
Invocations    | 1 2 4 5 8 9 |  9.5
Fighting       | 4 5 7 |  7.4
Stealth        | |  0.2

Action                   |  1- 3 |  4- 6 |  7- 9 | 10-12 || total
-------------------------+-------+-------+-------+-------++-------
Melee: Long sword        |    95 |   217 |   441 |     8 ||   761
       Great sword       |       |       |       |   173 ||   173
Throw: Stone             |    23 |    24 |       |     3 ||    50
       Boomerang         |       |       |    41 |    38 ||    79
 Abil: Dig               |     1 |     2 |     3 |     2 ||     8
Evoke: Wand              |       |       |       |     3 ||     3
  Use: Scroll            |       |    10 |     8 |     4 ||    22
       Potion            |       |     1 |     2 |     1 ||     4
  Eat: Chunk             |     2 |     8 |     9 |     9 ||    28
       Ration            |       |       |     1 |       ||     1
Armor: Scale mail        |    48 |    23 |       |       ||    71
       Chain mail        |       |    56 |   164 |       ||   220
       Plate armour      |       |       |    40 |    67 ||   107
Dodge: Dodged            |    40 |    50 |   133 |    72 ||   295
Block: Kite shield       |    51 |   105 |   202 |   112 ||   470
       Rpst.: Long sword |    10 |    14 |    43 |     1 ||    68
       Great sword       |       |       |       |    19 ||    19
